[Event "Team 45 45 League T52"]
[Site "Internet Chess Club"]
[Date "2012.03.20"]
[Round "5"]
[White "Danny-ONeil"]
[Black "jfiquett"]
[Result "1-0"]
[WhiteElo "1266"]
[BlackElo "1587"]
[Opening "QGD semi-Slav: Stoltz variation"]
[ECO "D37"]
[Time "18:31:11"]
[TimeControl "2700+45"]

1. d4 d5 2. c4 e6 3. Nf3 Nf6 4. Nc3 Nbd7 5. Qc2 c6 6. e3 Bd6 7. Be2 dxc4 8. e4
Bc7 9. Bxc4 b5 10. Be2 e5 11. dxe5 Nxe5 12. O-O O-O 13. Bg5 h6 14. Rad1 Qe7 15.
Be3 a6 16. h3 Bb7 17. Nd4 Ng6 18. Nf5 Qe5 19. f4 Qe6 20. Bc5 Rad8 21. Bxf8 Kxf8
22. Rxd8+ Bxd8 23. Rd1 Bb6+ 24. Kh1 Nxf4 25. Qb3 Qe5 26. Nd6 Bc7 27. Qxf7#
{Black checkmated} 1-0

[Event "Team 45 45 League T52"]
[Site "Internet Chess Club"]
[Date "2012.03.19"]
[Round "5"]
[White "krysto"]
[Black "otherook"]
[Result "0-1"]
[WhiteElo "1619"]
[BlackElo "1784"]
[Opening "Robatsch defense: two knights variation"]
[ECO "B07"]
[Time "17:34:09"]
[TimeControl "2700+45"]

1. d4 d6 2. e4 g6 3. Nc3 Bg7 4. Nf3 a6 5. a4 b6 6. Be2 Bb7 7. O-O Nd7 8. Bf4 e5
9. dxe5 dxe5 10. Bg5 Ne7 11. Qc1 O-O 12. Rd1 Qe8 13. Bc4 Nc5 14. Qe3 Ne6 15. Bh6
Nc6 16. Bd5 Ned4 17. Bxg7 Nxf3+ 18. Qxf3 Kxg7 19. Qg3 Rd8 20. b4 Rd6 21. b5 axb5
22. Nxb5 Rd7 23. Qc3 Qa8 24. Re1 f6 25. h4 Qa5 26. Qh3 Re7 27. c3 Nd8 28. Bb3
Bc6 29. c4 Ne6 30. h5 Nf4 31. h6+ Kh8 32. Qe3 Ne6 33. Rec1 Qb4 34. Bd1 Qc5 35.
Qe1 Nf4 36. Be2 Bxe4 37. Bf1 Bd3 38. Kh2 Bxf1 39. Qxf1 Kg8 40. g3 Ne6 41. a5
bxa5 42. Rxa5 Nd4 43. Rb1 Nf3+ 44. Kg2 Nd2 45. Qd3 Nxb1 46. Qxb1 e4 47. Qa2 e3
48. fxe3 Rxe3 49. Ra7 Rfe8 50. Ra8 Qc6+ 51. Kh3 Qh1+ 52. Kg4 Qh5+ 53. Kf4 Qf5#
{White checkmated} 0-1

[Event "Team 45 45 League T52"]
[Site "Internet Chess Club"]
[Date "2012.03.18"]
[Round "5"]
[White "Invicta-Knight"]
[Black "Salvatore"]
[Result "0-1"]
[WhiteElo "1471"]
[BlackElo "1548"]
[Opening "Sicilian: closed"]
[ECO "B23"]
[Time "15:19:52"]
[TimeControl "2700+45"]

1. e4 c5 2. Nc3 g6 3. f4 Bg7 4. Nf3 e6 5. a4 a5 6. Bc4 Ne7 7. O-O O-O 8. Qe1 d5
9. exd5 exd5 10. Ba2 Nbc6 11. d3 b6 12. Bd2 Nb4 13. Qd1 Nxa2 14. Rxa2 Bg4 15.
Nb5 Nc6 16. Qe1 Na7 17. Bc3 d4 18. Bd2 Nxb5 19. axb5 Be6 20. Ra1 Re8 21. Qg3 Bd5
22. Ng5 Re2 23. Rf2 Rxf2 24. Qxf2 h6 25. Nf3 Qd7 26. c4 dxc3 27. Bxc3 Qxb5 28.
Bxg7 Kxg7 29. Ne5 Re8 30. d4 c4 31. Ra3 f6 32. Ng4 h5 33. Ne3 Be4 34. Qe2 Bd3
35. Qf2 Qb4 36. Ra1 a4 37. Re1 Kf7 38. g3 Qd6 39. h3 Qxd4 {White resigns} 0-1

[Event "Team 45 45 League T52"]
[Site "Internet Chess Club"]
[Date "2012.03.17"]
[Round "5"]
[White "jorobo"]
[Black "Chatica"]
[Result "0-1"]
[WhiteElo "2014"]
[BlackElo "2223"]
[Opening "Queen's pawn game"]
[ECO "A46"]
[Time "23:07:46"]
[TimeControl "2700+45"]

1. d4 Nf6 2. Nf3 d6 3. c4 Bg4 4. Nc3 Bxf3 5. exf3 g6 6. Be2 Bg7 7. O-O c6 8. Re1
O-O 9. f4 Nbd7 10. Bf3 e6 11. Rb1 d5 12. b4 dxc4 13. b5 Nd5 14. Ne4 cxb5 15. Ba3
b4 16. Bxb4 Nxb4 17. Rxb4 Nb6 18. a4 Rc8 19. a5 Nd5 20. Rxb7 Qxa5 21. Nc5 Bxd4
22. Nxe6 fxe6 23. Rxe6 Nxf4 24. Ree7 Rfe8 25. g3 Rxe7 26. Rxe7 Rd8 27. Qb1 Bxf2+
28. Kh1 Qc3 29. Be4 Bxg3 30. hxg3 Qxg3 31. Rc7 Qh3+ 32. Kg1 Ne2+ {White resigns}
0-1

[Event "Team 45 45 League T52"]
[Site "Internet Chess Club"]
[Date "2012.03.18"]
[Round "5"]
[White "Gregorio"]
[Black "CamNewton"]
[Result "1/2-1/2"]
[WhiteElo "1806"]
[BlackElo "2174"]
[Opening "English: Neo-Catalan declined"]
[ECO "A14"]
[Time "00:00:04"]
[TimeControl "2700+45"]

1. c4 Nf6 2. g3 e6 3. Bg2 d5 4. Nf3 Be7 5. O-O O-O 6. b3 b6 7. cxd5 exd5 8. Bb2
Re8 9. Nc3 c6 10. Rc1 Ba6 11. d3 Bf8 12. Re1 Nbd7 13. e4 dxe4 14. Nxe4 Nxe4 15.
Rxe4 Rxe4 16. dxe4 Qe8 17. Rxc6 Nc5 18. Rc7 Rd8 19. Qe1 Nd3 20. Qe2 Bc5 21. Rxa7
Bc8 22. Ba3 Bg4 23. Bxc5 Nxc5 24. h3 Bh5 25. g4 Bg6 26. Nd2 Qe5 27. Nc4 Qa1+ 28.
Qf1 Qd4 29. Qe2 b5 30. Nb2 h5 31. gxh5 Bxe4 32. Bxe4 Nxe4 33. Re7 f5 34. a4 bxa4
35. bxa4 Kh7 36. h6 Kxh6 37. Qe3+ Qxe3 38. fxe3 Rd2 39. Nc4 Rc2 40. Ne5 Rc5 41.
Nf3 Ra5 42. Nd4 Kg6 43. h4 Rxa4 44. h5+ Kxh5 45. Rxg7 f4 46. Re7 {Game drawn by
mutual agreement} 1/2-1/2

[Event "Team 45 45 League T52"]
[Site "Internet Chess Club"]
[Date "2012.03.19"]
[Round "5"]
[White "livis"]
[Black "alexping"]
[Result "1/2-1/2"]
[WhiteElo "1962"]
[BlackElo "1932"]
[Opening "French: Labourdonnais variation"]
[ECO "C00"]
[Time "12:15:36"]
[TimeControl "2700+45"]

1. e4 e6 2. f4 d5 3. e5 c5 4. Nf3 Nc6 5. Be2 Be7 6. O-O Nh6 7. d3 O-O 8. c3 f6
9. exf6 Bxf6 10. Na3 a6 11. Nc2 e5 12. fxe5 Nxe5 13. Bxh6 gxh6 14. Nxe5 Bxe5 15.
Rxf8+ Qxf8 16. d4 cxd4 17. Nxd4 Qd6 18. Nf3 Bg7 19. Nd4 Be5 20. Nf3 Bg7 21. Qd2
Bf5 22. Bd3 Bg6 23. Bxg6 hxg6 24. Rd1 Rd8 25. Kh1 Kh7 26. Qd3 Qb6 27. Qe2 Qc7
28. Re1 d4 29. cxd4 Bxd4 30. h4 Bf6 31. b3 Rg8 32. Qe6 Qd8 33. Qe4 Qb6 34. Re2
Qb5 35. Re1 Rg7 36. Qf4 Bc3 37. Re4 Qd3 38. Kh2 Ba5 39. Rc4 Qd8 40. Qd4 Bc7+ 41.
g3 Qxd4 42. Rxd4 g5 43. hxg5 hxg5 44. Kg2 Kg6 45. g4 Re7 46. Nd2 Bf4 47. Ne4 Rc7
48. Kf3 Rc2 49. a4 Rb2 50. Rb4 b5 51. axb5 axb5 52. Rxb5 Rb1 53. Rb6+ Kg7 54.
Nc5 Re1 55. Ne6+ Kf7 56. Nd4 Re3+ 57. Kf2 Rg3 58. Nf5 Ke8 59. Rb7 Rxg4 60. Kf3
Rg1 61. b4 Kd8 62. Ke4 Kc8 63. Rg7 Rb1 64. Ne7+ Kb7 65. Kd3 Kb6 66. Kc4 Rc1+ 67.
Kb3 Rb1+ 68. Ka2 Rxb4 69. Nd5+ Kc5 70. Nxb4 Kxb4 71. Kb1 Kc3 72. Rd7 Be3 73. Rd6
Bf4 74. Rd7 Be3 75. Ka2 Bf4 76. Ka3 g4 77. Rg7 g3 78. Rg4 Bd6+ 79. Ka4 Kd3 80.
Kb5 Ke3 81. Kc6 Bf4 82. Rxg3+ Bxg3 {Game drawn because neither player has mating
material} 1/2-1/2

[Event "Team 45 45 League T52"]
[Site "Internet Chess Club"]
[Date "2012.03.18"]
[Round "5"]
[White "fledermaus"]
[Black "BigH"]
[Result "0-1"]
[WhiteElo "1864"]
[BlackElo "2150"]
[Opening "Grünfeld: exchange variation"]
[ECO "D85"]
[Time "14:23:37"]
[TimeControl "2700+45"]

1. d4 Nf6 2. c4 g6 3. Nc3 d5 4. cxd5 Nxd5 5. Bd2 Bg7 6. e4 Nb6 7. Be3 O-O 8. Be2
Nc6 9. Nf3 Bg4 10. d5 Bxf3 11. gxf3 Na5 12. Bd4 Qd6 13. Bxg7 Kxg7 14. Qd2 Qf6
15. O-O-O Rfd8 16. h4 h5 17. Qg5 Qxg5+ 18. hxg5 c6 19. b4 Nac4 20. Rd4 cxd5 21.
Nxd5 Nxd5 22. Rxc4 Nf4 23. Re1 Rac8 24. Rxc8 Rxc8+ 25. Kb2 Rc7 26. Kb3 Nh3 27.
Bc4 Nxg5 28. Re3 Nh3 29. Re2 Nf4 30. Rd2 Kf6 31. Rd8 Nh3 32. Bf1 Ng5 33. Bg2 Ne6
34. Rd1 Nf4 35. Bf1 e5 36. a4 Ne6 37. Rd3 Nd4+ 38. Ka3 Rc2 39. f4 Rxf2 40. fxe5+
Kxe5 41. Bh3 Rf3 42. Rxf3 Nxf3 43. Bc8 b6 44. a5 bxa5 45. b5 g5 46. Ka4 g4 47.
Kxa5 g3 48. Bh3 Nd4 49. Ka6 Kxe4 50. Bf1 Kf3 51. Kxa7 Nxb5+ 52. Bxb5 g2 {White
resigns} 0-1

[Event "Team 45 45 League T52"]
[Site "Internet Chess Club"]
[Date "2012.03.18"]
[Round "5"]
[White "fishhead"]
[Black "Nakke"]
[Result "1-0"]
[WhiteElo "1904"]
[BlackElo "1946"]
[Opening "Ruy Lopez: Worrall attack, sharp line"]
[ECO "C86"]
[Time "09:00:17"]
[TimeControl "2700+45"]

1. e4 e5 2. Nf3 Nc6 3. Bb5 a6 4. Ba4 Nf6 5. O-O Be7 6. Qe2 b5 7. Bb3 O-O 8. c3
d6 9. h3 Na5 10. Bc2 c5 11. d4 Qc7 12. d5 Ne8 13. g4 Bd7 14. Nbd2 Qc8 15. Nh2
Bg5 16. Ndf3 Bxc1 17. Raxc1 Nc4 18. Bd3 Nb6 19. Qe3 Qd8 20. Kg2 Kh8 21. b3 Nc8
22. Rh1 Ne7 23. Nf1 Ng6 24. Ng3 Nf4+ 25. Kh2 g6 26. c4 b4 27. Rcg1 a5 28. Ne2
Nxe2 29. Bxe2 a4 30. Rg3 axb3 31. axb3 Ng7 32. Qh6 f6 33. Nh4 Kg8 34. Nf5 gxf5
35. gxf5 Rf7 36. Rhg1 Qf8 37. Bh5 Re7 38. Bg6 hxg6 39. Rxg6 Rf7 40. Qh5 Ra2 41.
Rh6 Rxf2+ 42. Kh1 {Black resigns} 1-0

[Event "Team 45 45 League T52"]
[Site "Internet Chess Club"]
[Date "2012.03.19"]
[Round "5"]
[White "SirIvanhoe"]
[Black "BotanicalKnight"]
[Result "1/2-1/2"]
[WhiteElo "1481"]
[BlackElo "1511"]
[Opening "Caro-Kann: closed (Breyer) variation"]
[ECO "B10"]
[Time "19:05:12"]
[TimeControl "2700+45"]

1. e4 c6 2. d3 d5 3. Nd2 e5 4. Ngf3 Bd6 5. g3 Nf6 6. Bg2 O-O 7. O-O Qc7 8. b3
Bg4 9. Bb2 Nbd7 10. Re1 Rfe8 11. h3 Bh5 12. g4 Bg6 13. Nh4 Rad8 14. Bf3 b5 15.
g5 dxe4 16. dxe4 Nxe4 17. Bxe4 Be7 18. Bxg6 hxg6 19. Nhf3 e4 20. Rxe4 Nc5 21.
Be5 Qd7 22. Rg4 Qf5 23. Kg2 Bf8 24. Rf4 Qd7 25. Rd4 Qf5 26. Rxd8 Rxd8 27. Qc1 f6
28. gxf6 gxf6 29. Bd4 Ne6 30. Be3 g5 31. Nf1 g4 32. hxg4 Qxg4+ 33. Ng3 f5 34.
Nh2 Qg6 35. Bf4 Nd4 36. Qd2 Ne6 37. Qe3 Bc5 38. Qc1 {Game drawn by mutual
agreement} 1/2-1/2

[Event "Team 45 45 League T52"]
[Site "Internet Chess Club"]
[Date "2012.03.16"]
[Round "5"]
[White "The-Capitalist"]
[Black "LeanSixSigma"]
[Result "1-0"]
[WhiteElo "1426"]
[BlackElo "1384"]
[Opening "Ruy Lopez: modern Steinitz defense, 5.O-O"]
[ECO "C72"]
[Time "21:00:09"]
[TimeControl "2700+45"]

1. e4 e5 2. Nf3 Nc6 3. Bb5 a6 4. Ba4 d6 5. O-O Bd7 6. c3 Be7 7. d4 exd4 8. cxd4
b5 9. Bb3 Bg4 10. Be3 Nh6 11. h3 Bh5 12. g4 Bg6 13. d5 Ne5 14. Nc3 f6 15. Nxe5
fxe5 16. Qf3 Rf8 17. Qg2 Nf7 18. f4 h6 19. Rf3 b4 20. Ba4+ {Black resigns} 1-0

[Event "Team 45 45 League T52"]
[Site "Internet Chess Club"]
[Date "2012.03.17"]
[Round "5"]
[White "drsigmund1"]
[Black "PostMike"]
[Result "1-0"]
[WhiteElo "1496"]
[BlackElo "1444"]
[Opening "Sicilian: Grand Prix attack"]
[ECO "B23"]
[Time "08:00:31"]
[TimeControl "2700+45"]

1. e4 c5 2. Nc3 Nc6 3. f4 g6 4. Nf3 Bg7 5. Bb5 Nd4 6. O-O Nxb5 7. Nxb5 a6 8. Nc3
d6 9. d4 cxd4 10. Nxd4 Qb6 11. Be3 Qxb2 12. Nd5 Kd7 13. Qd3 {Black resigns} 1-0

[Event "Team 45 45 League T52"]
[Site "Internet Chess Club"]
[Date "2012.03.16"]
[Round "5"]
[White "KidRattler"]
[Black "lawth3"]
[Result "1/2-1/2"]
[WhiteElo "1415"]
[BlackElo "1160"]
[Opening "Caro-Kann: advance variation"]
[ECO "B12"]
[Time "08:59:55"]
[TimeControl "2700+45"]

1. e4 c6 2. d4 d5 3. e5 Bf5 4. Nf3 e6 5. Bd3 Bxd3 6. Qxd3 c5 7. Qb5+ Qd7 8. Nc3
cxd4 9. Qxd7+ Nxd7 10. Nb5 Bb4+ 11. c3 Ba5 12. Bd2 dxc3 13. bxc3 a6 14. Nd6+ Ke7
15. Nxb7 Bb6 16. O-O Rb8 17. Nd6 f6 18. Bf4 g5 19. exf6+ Ngxf6 20. Nf5+ exf5 21.
Bxb8 Rxb8 22. Nxg5 h6 23. Rae1+ Ne4 24. Nxe4 dxe4 25. Kh1 Ba5 26. Re3 Bb6 27.
Re2 Ne5 28. f4 Nd3 29. g3 Rc8 30. Rc2 Rc4 31. Rb1 Rc6 32. Kg2 Kf6 {Game drawn by
mutual agreement} 1/2-1/2

[Event "Team 45 45 League T52"]
[Site "Internet Chess Club"]
[Date "2012.03.19"]
[Round "5"]
[White "Juan73"]
[Black "tryanything"]
[Result "1-0"]
[WhiteElo "1706"]
[BlackElo "1528"]
[Opening "Four knights: Italian variation"]
[ECO "C47"]
[Time "19:03:55"]
[TimeControl "2700+45"]

1. e4 e5 2. Nf3 Nc6 3. Nc3 Nf6 4. Bc4 Nxe4 5. Bxf7+ Kxf7 6. Nxe4 d5 7. Ng3 e4 8.
Ng1 Bd6 9. d3 exd3 10. Qxd3 Re8+ 11. N1e2 Kg8 12. Qxd5+ Be6 13. Qd3 Nb4 14. Qc3
Nd5 15. Qd2 Qf6 16. Ne4 Qg6 17. Nxd6 cxd6 18. O-O Rac8 19. c3 Kh8 20. Nf4 Nxf4
21. Qxf4 Bc4 22. Rd1 Be2 23. Rxd6 Bf3 24. Qf8+ Rxf8 25. Rxg6 hxg6 26. gxf3 Rxf3
27. Be3 a6 28. Rd1 Rf7 29. Rd4 Rcc7 30. Rd8+ Kh7 31. Bd4 Rce7 32. Be3 Re6 33. b4
b5 34. Rd3 Rc6 35. Kf1 Rfc7 36. Bd4 Rd7 37. Ke2 g5 38. Kd2 Kg6 39. Kc2 Kf5 40.
h3 Kg6 41. Kb3 Kf5 42. a4 Kg6 43. Rg3 Kh5 44. Bc5 g6 45. c4 bxc4+ 46. Kxc4 Rdc7
47. Re3 Rf7 48. Kd5 Rcf6 49. Re5 Rf5 50. Rxf5 Rxf5+ 51. Kc6 Rf3 52. Kb6 Rf6+ 53.
Ka5 Re6 54. Bb6 Kh4 55. Kxa6 Kxh3 56. Kb7 g4 57. a5 Rxb6+ 58. Kxb6 Kg2 59. a6
Kxf2 60. a7 g3 61. a8=Q g2 62. Qf8+ Kg1 63. Qg7 Kf1 64. Qxg6 {Black resigns} 1-0

[Event "Team 45 45 League T52"]
[Site "Internet Chess Club"]
[Date "2012.03.19"]
[Round "5"]
[White "nanning"]
[Black "samjalex87"]
[Result "1-0"]
[WhiteElo "1593"]
[BlackElo "1062"]
[Opening "Réti opening"]
[ECO "A04"]
[Time "16:09:26"]
[TimeControl "2700+45"]

1. Nf3 Nc6 2. g3 Nf6 3. Bg2 e5 4. O-O Be7 5. d3 d6 6. Nbd2 Be6 7. e4 Nb4 8. a3
Na6 9. Ng5 Bd7 10. Nc4 O-O 11. Ne3 c5 12. Nf5 b5 13. f4 Nb8 14. Nxe7+ Qxe7 15.
f5 Nc6 16. c3 a5 17. g4 b4 18. Nh3 Kh8 19. g5 Ne8 20. Qf3 f6 21. g6 bxc3 22. Qh5
h6 23. bxc3 Rb8 24. Nf2 Rb3 25. Ng4 Kg8 26. Bxh6 gxh6 27. Nxh6+ Kg7 28. Nf7 Rxf7
29. Qh7+ Kf8 30. Qh8# {Black checkmated} 1-0

[Event "Team 45 45 League T52"]
[Site "Internet Chess Club"]
[Date "2012.03.15"]
[Round "5"]
[White "sockmonkey"]
[Black "JohLeb"]
[Result "1-0"]
[WhiteElo "1392"]
[BlackElo "1397"]
[Opening "Torre attack (Tartakower variation)"]
[ECO "D03"]
[Time "13:00:07"]
[TimeControl "2700+45"]

1. d4 d5 2. Nf3 Nf6 3. Bg5 Bf5 4. Bxf6 exf6 5. e3 Bd6 6. Nbd2 Nd7 7. c3 O-O 8.
Qb3 Nb6 9. c4 dxc4 10. Nxc4 Be6 11. Bd3 Nxc4 12. Bxc4 Bxc4 13. Qxc4 c6 14. O-O
Qc7 15. Rac1 Rac8 16. a4 Rfe8 17. Rc2 Qd7 18. Qd3 b5 19. axb5 cxb5 20. Rfc1 a6
21. Kh1 Rxc2 22. Qxc2 g6 23. Qc6 Qxc6 24. Rxc6 Rd8 25. Rxa6 Kg7 26. g4 g5 27. e4
Be7 28. d5 Rd6 29. Rc6 h6 30. Nd4 Rxc6 31. Nf5+ Kf8 32. dxc6 Bd8 33. Nxh6 Ke7
34. Nf5+ Ke6 35. Nd4+ Kd6 36. Nxb5+ Kxc6 37. Nc3 Kc5 38. Kg2 Kb4 39. h4 gxh4 40.
Kh3 Kb3 41. Kxh4 f5+ 42. Kh5 fxg4 43. Kxg4 Kxb2 44. Nd5 Kc2 45. Kf5 Kd3 46. e5
Kd4 47. Nf6 Bxf6 48. Kxf6 Kd5 49. f4 Ke4 50. Kxf7 Kxf4 51. e6 {Black resigns}
1-0

[Event "Team 45 45 League T52"]
[Site "Internet Chess Club"]
[Date "2012.03.17"]
[Round "5"]
[White "theartist"]
[Black "Docvan"]
[Result "0-1"]
[WhiteElo "1223"]
[BlackElo "1299"]
[Opening "King's Indian: Averbakh, 6...c5"]
[ECO "E74"]
[Time "13:31:24"]
[TimeControl "2700+45"]

1. d4 Nf6 2. c4 g6 3. Nc3 Bg7 4. e4 O-O 5. Be2 d6 6. Bg5 c5 7. d5 h6 8. Bf4 e6
9. dxe6 Bxe6 10. Bxd6 Re8 11. Nf3 Qb6 12. Rb1 Rd8 13. e5 Ne8 14. Qb3 Nxd6 15.
Qxb6 axb6 16. exd6 Rxd6 17. Nb5 Rd7 18. a3 Bf5 19. Rd1 Rxd1+ 20. Bxd1 Bxb2 21.
a4 Nc6 22. O-O Rd8 23. Re1 Bd3 24. Bb3 Na5 25. Ne5 Nxb3 26. Nxd3 Rxd3 27. g3 Nd2
28. Kg2 Nxc4 29. Re8+ Kg7 30. Re2 Rd2 31. Rxd2 Nxd2 32. Nd6 c4 33. Nb5 c3 34.
Nd4 Nc4 35. Nc2 Na3 {White resigns} 0-1

[Event "Team 45 45 League T52"]
[Site "Internet Chess Club"]
[Date "2012.03.20"]
[Round "5"]
[White "bmw2002"]
[Black "chekbouncer"]
[Result "0-1"]
[WhiteElo "1574"]
[BlackElo "1500"]
[Opening "English opening"]
[ECO "A20"]
[Time "22:07:59"]
[TimeControl "2700+45"]

1. c4 e5 2. g3 f5 3. Bg2 Bc5 4. e3 Qf6 5. Ne2 Ne7 6. Nbc3 c6 7. d4 exd4 8. exd4
Bb6 9. O-O O-O 10. Bf4 Ng6 11. d5 Na6 12. Qd2 Nxf4 13. Nxf4 Nc5 14. b4 Ne4 15.
Nxe4 fxe4 16. c5 Bd8 17. Bxe4 Qh6 18. Qe2 Bf6 19. Rad1 d6 20. dxc6 bxc6 21. Rxd6
Re8 22. Bxh7+ Kf8 23. Qh5 Qxh5 24. Nxh5 Bc3 25. Rfd1 Bg4 26. R1d3 Be5 27. Re3
Bxh5 28. Rxc6 Bd4 29. Rd3 Re1+ 30. Kg2 Ba1 31. Rcd6 Be2 32. Be4 Bxd3 33. Bxa8
Bf1+ 34. Kf3 a6 35. c6 Rc1 36. Rd7 Rc3+ 37. Kf4 Rc4+ 38. Ke3 Ke8 39. Rd1 Rc3+
40. Kd4 Rd3+ {White resigns} 0-1

[Event "Team 45 45 League T52"]
[Site "Internet Chess Club"]
[Date "2012.03.16"]
[Round "5"]
[White "skyflower"]
[Black "bookseller"]
[Result "0-1"]
[WhiteElo "1515"]
[BlackElo "1611"]
[Opening "King's Indian defense, 3.Nc3"]
[ECO "E61"]
[Time "16:01:20"]
[TimeControl "2700+45"]

1. d4 Nf6 2. c4 g6 3. Nc3 Bg7 4. Nf3 O-O 5. Bf4 d6 6. e3 Nbd7 7. Be2 Re8 8. O-O
Nh5 9. Bg3 Nxg3 10. fxg3 e5 11. h4 exd4 12. exd4 Nf6 13. Qb3 Nh5 14. Kh2 c5 15.
Nd5 Rxe2 16. Ng5 Nf6 17. Qf3 Ng4+ 18. Kh1 f6 19. Qxe2 fxg5 20. Rae1 Bd7 21. Qf3
gxh4 22. Ne7+ Kh8 23. gxh4 Bf6 24. Nd5 Bxh4 25. g3 a6 26. Kg2 Bg5 27. Rh1 Qf8
28. Qe2 Re8 29. Qc2 Rxe1 30. Rxe1 Bc6 31. Kg1 Bxd5 32. cxd5 Be3+ 33. Rxe3 Nxe3
34. Qe2 cxd4 35. Qd3 Qf1+ 36. Qxf1 Nxf1 37. Kxf1 Kg7 38. Ke2 Kf6 39. Kd3 Ke5 40.
a4 b5 41. axb5 axb5 42. b3 h5 43. b4 Kxd5 44. Ke2 Ke4 45. Kf2 d3 46. Ke1 Ke3 47.
Kd1 g5 48. Ke1 h4 49. gxh4 gxh4 50. Kf1 d2 51. Kg2 d1=Q 52. Kh3 Kf4 53. Kxh4
Qg4# {White checkmated} 0-1

[Event "Team 45 45 League T52"]
[Site "Internet Chess Club"]
[Date "2012.03.15"]
[Round "5"]
[White "Zyme"]
[Black "jjaillet2007"]
[Result "0-1"]
[WhiteElo "1301"]
[BlackElo "1343"]
[Opening "QGD: Tarrasch defense, 4.cd ed"]
[ECO "D32"]
[Time "21:00:07"]
[TimeControl "2700+45"]

1. d4 d5 2. c4 e6 3. Nc3 c5 4. cxd5 exd5 5. dxc5 Nf6 6. Bg5 Be7 7. Rb1 d4 8. Nb5
Qa5+ 9. b4 Qxb5 10. Qxd4 Nc6 11. Qb2 O-O 12. Nf3 h6 13. Bd2 Qc4 14. e3 Qe4 15.
Be2 Nd5 16. a3 Bf6 17. Qb3 Bf5 18. O-O Rfd8 19. Rfd1 Qc2 20. Qxc2 Bxc2 21. Rbc1
Bxd1 22. Rxd1 Bc3 23. Bc1 Bf6 24. Bc4 Nc3 25. Re1 Rd1 26. Kf1 Rxe1+ 27. Kxe1 Rd8
28. Nd2 Ne5 {White resigns} 0-1

[Event "Team 45 45 League T52"]
[Site "Internet Chess Club"]
[Date "2012.03.18"]
[Round "5"]
[White "arconia"]
[Black "Ostap-Bender"]
[Result "0-1"]
[WhiteElo "1292"]
[BlackElo "1426"]
[Opening "Sicilian defense"]
[ECO "B40"]
[Time "19:00:20"]
[TimeControl "2700+45"]

1. e4 c5 2. Nf3 e6 3. Be2 Nc6 4. Nc3 d5 5. exd5 exd5 6. O-O Nf6 7. d4 c4 8. b3
Bb4 9. Bb2 cxb3 10. axb3 O-O 11. h3 Re8 12. Nh2 Bf5 13. Ng4 Ne4 14. Nxe4 Bxe4
15. c4 dxc4 16. bxc4 Rc8 17. d5 Na5 18. Ne5 f6 19. Ng4 Nxc4 20. Bxc4 Rxc4 21.
Rxa7 Qxd5 22. Nh6+ gxh6 23. Qg4+ Bg6 24. f4 Bc5+ 25. Kh2 f5 26. Qh4 Rc2 {White
resigns} 0-1

[Event "Team 45 45 League T52"]
[Site "Internet Chess Club"]
[Date "2012.03.18"]
[Round "5"]
[White "rookmaster23"]
[Black "krysto"]
[Result "1-0"]
[WhiteElo "1573"]
[BlackElo "1629"]
[Opening "Benkö gambit accepted"]
[ECO "A58"]
[Time "14:01:38"]
[TimeControl "2700+45"]

1. d4 Nf6 2. c4 c5 3. d5 b5 4. cxb5 a6 5. bxa6 g6 6. Nc3 Bxa6 7. e4 Bxf1 8. Kxf1
d6 9. Nf3 Nbd7 10. g3 Bg7 11. Kg2 O-O 12. h3 Qb6 13. Qc2 Rfb8 14. Rb1 Ne8 15. a3
Nc7 16. Bd2 Qa6 17. Nd1 Nb5 18. Bc3 Nxc3 19. Nxc3 Ra7 20. Rhd1 Rab7 21. Rd2 Qa5
22. Nd1 Ne5 23. Nxe5 Bxe5 24. Ne3 Rxb2 25. Nc4 Rxc2 26. Rxb8+ Kg7 27. Nxa5 Rxd2
28. Nc6 Rb2 29. Rxb2 Bxb2 30. a4 c4 31. a5 c3 32. Nb4 Ba3 33. Nc2 Bc5 34. Kf1
Kf8 35. f4 Ke8 36. Ke2 Kd7 37. Kd3 Kc7 38. Kxc3 Kb7 39. Nd4 Ka6 40. Kc4 Kxa5 41.
Nb3+ Kb6 42. Nxc5 dxc5 43. e5 h6 44. g4 h5 45. f5 hxg4 46. hxg4 gxf5 47. gxf5 e6
48. dxe6 fxe6 49. f6 Kc7 50. f7 {Black resigns} 1-0

[Event "Team 45 45 League T52"]
[Site "Internet Chess Club"]
[Date "2012.03.17"]
[Round "5"]
[White "Elalfer"]
[Black "Just-Jim"]
[Result "1-0"]
[WhiteElo "1401"]
[BlackElo "1372"]
[Opening "QGD Slav: 3.Nf3"]
[ECO "D11"]
[Time "12:00:32"]
[TimeControl "2700+45"]

1. d4 d5 2. c4 c6 3. Nf3 Bf5 4. Nc3 e6 5. e3 Nf6 6. Be2 Bb4 7. O-O Bxc3 8. bxc3
Nbd7 9. a4 Ne4 10. Qb3 Qb6 11. Qb4 c5 12. Qxb6 Nxb6 13. cxd5 exd5 14. dxc5 Nxc5
15. a5 Nc4 16. Rd1 O-O-O 17. Nd4 Be6 18. Ba3 Ne4 19. Bb4 Kb8 20. f3 Ned6 21. Kf2
Rhe8 22. a6 Bf5 23. Bxc4 dxc4 24. Bxd6+ Rxd6 25. Nxf5 Rxd1 26. Rxd1 g6 27. Nd6
Rd8 28. Ke2 Kc7 29. axb7 Kb8 30. e4 a5 31. Nxc4 Rxd1 32. Kxd1 a4 33. Na5 a3 34.
Kc1 a2 35. Kb2 a1=Q+ 36. Kxa1 Kc7 37. Kb2 h5 38. h4 f6 39. g3 g5 40. Kc2 Kb8 41.
Kd3 {Black resigns} 1-0

[Event "Team 45 45 League T52"]
[Site "Internet Chess Club"]
[Date "2012.03.16"]
[Round "5"]
[White "KidRattler"]
[Black "Cicero"]
[Result "1-0"]
[WhiteElo "1428"]
[BlackElo "1325"]
[Opening "Sicilian: Hungarian variation"]
[ECO "B27"]
[Time "15:55:51"]
[TimeControl "2700+45"]

1. e4 c5 2. Nf3 g6 3. d4 cxd4 4. Qxd4 Nf6 5. e5 Nc6 6. Qd1 Ng4 7. Bf4 Bg7 8. Ng5
Ngxe5 9. Nc3 d6 10. Bxe5 Nxe5 11. Qe2 e6 12. O-O-O Qxg5+ 13. Kb1 O-O 14. Rxd6
Bh6 15. Rd1 Nc6 16. Ne4 Qe7 17. h4 Bg7 18. h5 f5 19. Nd6 Qf6 20. c3 e5 21. Qc4+
Be6 22. Qb5 a6 23. Qxb7 Na5 24. Qc7 Rfd8 25. Qxa5 Rxd6 26. Rxd6 Bxa2+ 27. Qxa2+
Qf7 28. Rd7 Qxa2+ 29. Kxa2 g5 30. Rd6 h6 31. Rxa6 Rd8 32. g3 g4 33. Bg2 e4 34.
Re1 Rd2 35. Bxe4 fxe4 36. Rxe4 Bxc3 37. Rxg4+ Kf7 38. Rf4+ Ke7 39. Rb6 Bd4 40.
Rb4 Bxf2 41. Rb7+ Ke6 42. g4 Re2 43. Rbb4 Ke5 44. Rf7 Ke6 45. Rh7 Be3 46. Rb8
Kf6 47. Rb3 Kg5 48. Rb4 Kh4 49. Re7 Kg5 50. Rbe4 Rg2 51. Rxe3 Rxg4 52. Rg7+ Kxh5
53. Rxg4 Kxg4 54. b4 h5 55. b5 h4 56. Re4+ Kg5 57. Rxh4 {Black resigns} 1-0

[Event "Team 45 45 League T52"]
[Site "Internet Chess Club"]
[Date "2012.03.17"]
[Round "5"]
[White "IanT"]
[Black "Skylab"]
[Result "1-0"]
[WhiteElo "1471"]
[BlackElo "1344"]
[Opening "Scandinavian (center counter) defense"]
[ECO "B01"]
[Time "20:38:23"]
[TimeControl "2700+45"]

1. e4 d5 2. exd5 Qxd5 3. Nc3 Qa5 4. Nf3 Nf6 5. Bc4 Bg4 6. d3 c6 7. O-O e6 8. a3
Qc7 9. h3 Bh5 10. Bg5 Nbd7 11. Re1 O-O-O 12. b4 Bd6 13. Bxf6 gxf6 14. d4 Nb6 15.
Bb3 e5 16. Kh1 exd4 17. Qxd4 Bxf3 18. gxf3 Be5 19. Qe3 Nd5 20. Nxd5 cxd5 21.
Rad1 d4 22. Qe2 Qd7 23. Qf1 Qc6 24. Qc4 Qxc4 25. Bxc4 Rd7 26. Re4 Rc7 27. Bb3
Rc3 28. Rd3 Rxd3 29. cxd3 Rf8 30. f4 Bc7 31. Rxd4 Bb6 32. Rc4+ Kb8 33. f3 Rd8
34. Bc2 Re8 35. Kg2 Re2+ 36. Kg3 f5 37. d4 Rd2 38. Bxf5 Bxd4 39. Rc8# {Black
checkmated} 1-0

[Event "Team 45 45 League T52"]
[Site "Internet Chess Club"]
[Date "2012.03.18"]
[Round "5"]
[White "kingsrook"]
[Black "lawth3"]
[Result "0-1"]
[WhiteElo "1244"]
[BlackElo "1181"]
[Opening "Colle system"]
[ECO "D05"]
[Time "19:00:19"]
[TimeControl "2700+45"]

1. d4 Nf6 2. Nf3 e6 3. e3 d5 4. Bd3 c5 5. c3 Nc6 6. O-O Bd6 7. Nbd2 O-O 8. Re1
c4 9. Bc2 b5 10. e4 b4 11. e5 Ne4 12. Nxe4 dxe4 13. Bxe4 Rb8 14. Bxc6 Bc7 15.
Bg5 f6 16. exf6 gxf6 17. Bh4 Qd6 18. d5 e5 19. Qa4 Bg4 20. Bg3 Qc5 21. Re3 a5
22. Nd2 Bf5 23. Ne4 Qb6 24. Rae1 Kh8 25. Bh4 Bd8 26. Nd6 Bg6 27. Nxc4 Qc5 28.
Nxa5 Bxa5 29. Rc1 e4 30. Rc2 bxc3 31. b3 Rb4 32. Qa3 Rd4 33. Qc1 Qa3 {White
forfeits on time} 0-1